 Dungeon Crawl Stone Soup version 0.14.0-7-g2801ba0 (webtiles) character file.

7366 Ragg the Grappler (level 10, -1/107 HPs)
             Began as a Troll Monk on Apr 13, 2014.
             Was a High Priest of Okawaru.
             Slain by a yak (14 damage)
             ... on Level 2 of the Lair of Beasts.
             The game lasted 00:26:25 (7231 turns).

Ragg the Grappler (Troll Monk)                      Turns: 7231, Time: 00:26:26

HP  -1/107       AC  9     Str 20 (21) XL: 10   Next: 79%
MP   2/4         EV 11     Int  9      God: Okawaru [*****.]
Gold 462         SH 36     Dex 11 (12) Spells:  0 memorised,  9 levels left

rFire  + . .     SeeInvis .       - Unarmed
rCold  . . .     Clarity  .     u - +1 robe
rNeg   + . .     Conserve .     M - +2 large shield
rPois  .         rCorr    .     (helmet restricted)
rElec  .         rRot     .     j - +2 cloak
SustAb . .       Spirit   .     (gloves unavailable)
rMut   .         Warding  +     (boots unavailable)
Gourm  +         Stasis   .     r - amulet of warding
MR     .....                    G - ring of sustenance
                                D - ring of protection from fire

@: heroism, not resistant to hostile enchantments, stealthy
A: unfitting armour, claws 3, fast metabolism 3, gourmand, regeneration 2,
saprovore 2, shaggy fur 1, tough skin 2
a: Heroism, Finesse, Renounce Religion


You were on level 2 of the Lair of Beasts.
You worshipped Okawaru.
Okawaru was extremely pleased with you.
You were completely stuffed.

You visited 3 branches of the dungeon, and saw 11 of its levels.

You collected 462 gold pieces.

Inventory:

Hand weapons
 y - a +4 blowgun
Missiles
 x - 4 curare-tipped needles
Armour
 j - a +2 cloak (worn)
 u - a +1 robe (worn)
 M - a +2 large shield (worn)
Magical devices
 C - a wand of fireball (4)
Comestibles
 b - 4 meat rations
 d - 7 bread rations
 m - 3 apples
 t - 4 pears
 E - a snozzcumber
 I - 18 cheeses
Scrolls
 a - 3 scrolls of identify
 f - a scroll of recharging
 h - a scroll of enchant armour {unknown}
 i - 3 scrolls of remove curse
 k - 2 scrolls of random uselessness {unknown}
 o - a scroll of enchant weapon II {unknown}
 p - 5 scrolls of teleportation {unknown}
 q - 3 scrolls of immolation {unknown}
 w - 2 scrolls of fog {unknown}
 z - a scroll of acquirement {unknown}
 A - a scroll of noise {unknown}
 L - a scroll of amnesia {unknown}
 N - a scroll of magic mapping {unknown}
 O - a scroll of enchant weapon I {unknown}
Jewellery
 r - an amulet of warding (around neck)
 D - a ring of protection from fire (left claw)
 G - a ring of sustenance (right claw)
 S - an uncursed ring of protection from fire
Potions
 c - 4 potions of curing {unknown}
 e - 4 potions of heal wounds {unknown}
 g - a potion of poison {unknown}
 l - 3 potions of brilliance {unknown}
 n - 2 potions of lignification
 s - 3 potions of might
 v - a potion of berserk rage {unknown}
 F - 2 potions of haste {unknown}
 J - a potion of resistance {unknown}
 K - a potion of agility
 Q - a potion of strong poison {unknown}
Books
 P - a book of the Sky

   Spells                             Type                      Level
   Flight                             Charms/Air                   3
   Airstrike                          Air                          4
   Silence                            Hexes/Air                    5
   Deflect Missiles                   Charms/Air                   6
   Conjure Ball Lightning             Conjuration/Air              6
   Tornado                            Air                          9


   Skills:
 + Level 9.5(14.5) Fighting
 - Level 2.4(7.4) Dodging
 - Level 1.1(6.1) Stealth
 + Level 4.6(9.6) Shields
 + Level 11.7(16.7) Unarmed Combat


You had 9 spell levels left.
You didn't know any spells.

Dungeon Overview and Level Annotations

Branches:
Dungeon (8/15)             Temple (1/1) D:4            Lair (2/8) D:8

Altars:
Ashenzari
Cheibriados
Dithmenos
Elyvilon
Fedhas
Makhleb
Nemelex Xobeh
Okawaru
Sif Muna
Trog
Vehumet
Xom
Yredelemnul
Zin
The Shining One

Shops:
D:4 :

Annotations:
D:4 Prince Ribbit


Innate Abilities, Weirdness & Mutations

You are too large for most types of armour.
You have claws for hands.
Your metabolism is lightning-fast.
You like to eat raw meat.
You heal very quickly.
You can eat rotten meat.
You are covered in fur (AC +1).
You have very tough skin (AC +2).


Message History

The yak is almost dead.
The giant frog hits you. You block the yak's attack. The yak gores you.
The yak gores you! You block the griffon's attack.
The griffon closely misses you. x2
You eviscerate the yak!!!
You kill the yak!
Okawaru accepts your kill. You block the giant frog's attack.
The yak closely misses you. The giant frog misses you.
You block the yak's attack. You block the griffon's attack. x3
You block the giant frog's attack. The yak gores you! The yak gores you!
* * * LOW HITPOINT WARNING * * *
There is a stone staircase leading up, spattered with blood here.
You see here a yak corpse.
Unknown command.
You block the giant frog's attack. The griffon bites you!
* * * LOW HITPOINT WARNING * * *
The griffon closely misses you. You block the griffon's attack.
The yak gores you!
You die...

.........
>..........
.............
...............
...............
..............f
................#
.......H:Y.....#
.......F@Y.....#
...............#
...............
...............
...............
...........#.
.........#.
......... ...


You could see a griffon, 2 yaks and a giant frog.

Vanquished Creatures
  Pikel (D:5)
  A feature mimic (Lair:1)
  Psyche (D:8)
  A komodo dragon (D:8)
  A fire drake (Lair:1)
  A basilisk (Lair:1)
  A wyvern (D:8)
  2 hungry ghosts
  2 yaks (Lair:2)
  A hippogriff (Lair:1)
  Edmund (D:8)
  A water moccasin (Lair:1)
  A porcupine (Lair:1)
  2 ogres (D:6)
  2 orc warriors
  A black bear (D:6)
  2 sky beasts (D:5)
  2 ice beasts (D:5)
  3 phantoms
  2 slaves (D:5)
  3 centaurs
  Duvessa (D:6)
  3 big kobolds
  3 crocodiles
  A giant slug (Lair:1)
  Blork the orc (D:5)
  4 giant frogs
  3 scorpions
  4 wights (D:6)
  Dowan (D:6)
  4 crimson imps
  5 hounds
  2 orc priests
  3 iguanas
  3 jellies
  An orange rat (D:7)
  9 worker ants
  2 giant frog skeletons
  3 orc wizards
  A quasit (D:7)
  Jessica (D:2)
  7 gnolls
  12 adders
  19 green rats
  A shadow imp (D:7)
  2 giant mites
  An inept feature mimic (D:3)
  3 worms
  An iguana zombie (D:6)
  An orc zombie (D:6)
  An adder skeleton (D:4)
  An iguana skeleton (D:5)
  4 giant eyeballs
  5 giant geckos
  24 orcs
  9 bats
  A bat skeleton (D:8)
  4 giant cockroaches
  18 hobgoblins
  10 jackals
  27 kobolds
  2 quokkas
  3 giant newts
  18 goblins
  A goblin skeleton (D:5)
  A hobgoblin skeleton (D:4)
  25 rats
  A rat skeleton (D:4)
  A plant (D:8)
290 creatures vanquished.

Vanquished Creatures (others)
  A green rat (Lair:1)
  A bat (D:5)
  A giant newt (D:5)
3 creatures vanquished.

Grand Total: 293 creatures vanquished

Notes
Turn   | Place    | Note
--------------------------------------------------------------
     0 | D:1      | Ragg, the Troll Monk, began the quest for the Orb.
     0 | D:1      | Reached XP level 1. HP: 22/22 MP: 1/1
    82 | D:1      | Reached XP level 2. HP: 29/29 MP: 1/1
   465 | D:2      | Reached XP level 3. HP: 26/37 MP: 2/2
   534 | D:2      | Noticed Jessica
   558 | D:2      | Reached XP level 4. HP: 34/45 MP: 2/2
   566 | D:2      | Reached skill level 5 in Unarmed Combat
   775 | D:2      | Found a basalt altar of Yredelemnul.
   783 | D:2      | Killed Jessica
   783 | D:2      | Reached XP level 5. HP: 50/54 MP: 2/2
  2346 | D:4      | Reached skill level 6 in Unarmed Combat
  2346 | D:4      | Reached XP level 6. HP: 53/62 MP: 3/3
  2485 | D:4      | Found a staircase to the Ecumenical Temple.
  2501 | Temple   | Entered the Ecumenical Temple
  2616 | D:4      | Found Fuut's Book Emporium.
  2992 | D:4      | Noticed Prince Ribbit
  3120 | D:5      | Entered Level 5 of the Dungeon
  3159 | D:5      | Reached XP level 7. HP: 54/71 MP: 3/3
  3295 | D:5      | Reached skill level 5 in Fighting
  3295 | D:5      | Reached skill level 7 in Unarmed Combat
  3340 | D:5      | Paralysed by a giant eyeball for 3 turns
  3401 | D:5      | Found a blossoming altar of Fedhas.
  3521 | D:5      | Noticed Blork the orc
  3529 | D:5      | Killed Blork the orc
  3626 | D:5      | Found an iron altar of Okawaru.
  3626 | D:5      | Found a glowing silver altar of Zin.
  3638 | D:5      | Became a worshipper of Warmaster Okawaru
  3638 | D:5      | Acquired Okawaru's first power
  3677 | D:5      | Paralysed by a giant eyeball for 4 turns
  3840 | D:5      | Found a basalt altar of Yredelemnul.
  3871 | D:5      | Reached skill level 8 in Unarmed Combat
  3871 | D:5      | Reached XP level 8. HP: 68/83 MP: 3/3
  4008 | D:5      | Noticed Pikel
  4016 | D:5      | Killed Pikel
  4044 | D:5      | Reached skill level 9 in Unarmed Combat
  4240 | D:6      | Reached XP level 9. HP: 90/93 MP: 4/4
  4398 | D:6      | Paralysed by a giant eyeball for 3 turns
  4413 | D:6      | Reached skill level 10 in Unarmed Combat
  4504 | D:6      | Noticed Duvessa
  4504 | D:6      | Noticed Dowan
  4509 | D:6      | Killed Duvessa
  4523 | D:6      | Killed Dowan
  5018 | D:7      | Reached skill level 1 in Shields
  5094 | D:7      | Found a sparkling altar of Nemelex Xobeh.
  5205 | D:7      | Acquired Okawaru's second power
  5662 | D:8      | Noticed Edmund
  5675 | D:8      | Killed Edmund
  5675 | D:8      | Reached XP level 10. HP: 99/106 MP: 4/4
  5849 | D:8      | Reached skill level 11 in Unarmed Combat
  6056 | D:8      | Found a staircase to the Lair.
  6056 | D:8      | Noticed Psyche
  6075 | D:8      | Received a gift from Okawaru
  6076 | D:8      | Got a brightly glowing sling {god gift}
  6081 | D:8      | Killed Psyche
  6295 | Lair:1   | Entered Level 1 of the Lair of Beasts
  7209 | Lair:2   | Noticed a griffon
  7231 | Lair:2   | Slain by a yak

Action                   |  1- 3 |  4- 6 |  7- 9 | 10-12 || total
-------------------------+-------+-------+-------+-------++-------
Melee: Unarmed           |    70 |   194 |   437 |   209 ||   910
Invok: Heroism           |       |       |       |     2 ||     2
Evoke: Wand              |       |       |     2 |     2 ||     4
  Use: Scroll            |       |       |       |     4 ||     4
       Potion            |       |       |       |     1 ||     1
 Stab: Sleeping          |       |     3 |     1 |     1 ||     5
